 Dungeon Crawl Stone Soup version 0.26.0-10-g1f06aea511 (webtiles) character file.

Game seed: 17930717070298022440

5406 Borgoz the Carver (level 10, 0/84 HPs)
             Began as a Ghoul Gladiator on Jan 15, 2021.
             Was an Elder of Okawaru.
             Splashed by an acid dragon's acid (11 damage)
             ... on level 9 of the Dungeon.
             The game lasted 00:17:56 (10230 turns).

Borgoz the Carver (Ghoul Gladiator)                Turns: 10230, Time: 00:17:57

Health: 0/84       AC:  5    Str: 19    XL:     10   Next: 67%
Magic:  12/12      EV: 20    Int:  3    God:    Okawaru [****..]
Gold:   482        SH:  0    Dex: 19    Spells: 4/9 levels left

rFire    . . .     SeeInvis .   a - +0 scimitar
rCold    + . .     Faith    .   (no shield)
rNeg     + + +     Spirit   .   q - +0 ring mail
rPois    ∞         Reflect  .   s - +2 helmet
rElec    .         Harm     .   (no cloak)
rCorr    .         Rampage  .   (no gloves)
Will     .....                  c - +0 pair of boots
Stlth    ++........             (no amulet)
HPRegen  0.00/turn              v - +6 ring of dexterity
MPRegen  0.13/turn              (no ring)

@: heroism, corroded
A: claws 1, cold resistance 1, negative energy resistance 3, inhibited
regeneration, torment resistance, unbreathing
a: Renounce Religion, Heroism


You were on level 9 of the Dungeon.
You worshipped Okawaru.
Okawaru was greatly pleased with you.
You visited 2 branches of the dungeon, and saw 10 of its levels.

You collected 482 gold pieces.

Inventory:

Hand Weapons
 a - a +0 scimitar (weapon)
 w - a +4 great sword
Missiles
 m - 2 throwing nets (quivered)
Armour
 c - a +0 pair of boots (worn)
 h - the +1 leather armour "Jemebawk" {MP+9}
   (You found it on level 7 of the Dungeon)

   It affects your magic capacity (+9).
 q - a +0 ring mail (worn)
 s - a +2 helmet (worn)
Jewellery
 i - an uncursed ring of fire
 v - a +6 ring of dexterity (left claw)
Wands
 y - a wand of iceblast (5)
Scrolls
 d - 4 scrolls of remove curse
 e - 2 scrolls of immolation {unknown}
 f - 2 scrolls of fear
 j - 2 scrolls of enchant weapon {unknown}
 k - 2 scrolls of enchant armour {unknown}
 l - 5 scrolls of teleportation
 p - a scroll of magic mapping {unknown}
 r - 2 scrolls of noise {unknown}
Potions
 g - 5 potions of curing
 n - a potion of might
 o - 3 potions of haste
 t - 2 potions of resistance
 u - 2 potions of magic
 x - 3 potions of degeneration {unknown}


   Skills:
 + Level 6.9(11.9) Fighting
 * Level 8.3(13.3) Long Blades
 - Level 1.7(6.7) Throwing
 * Level 7.8(12.8) Armour
 + Level 6.1(11.1) Dodging
 - Level 5.0 Invocations


You had 4 spell levels left.
You knew the following spells:

 Your Spells              Type           Power        Failure   Level
a - Blink                 Tloc           N/A          80%         2
b - Confusing Touch       Hex            0%           95%         3

Your spell library contained the following spells:

 Spells                   Type           Power        Failure   Level
 Corona                   Hex            0%           65%         1
 Magic Dart               Conj           0%           65%         1
 Call Imp                 Summ           0%           80%         2
 Ensorcelled Hibernation  Hex/Ice        0%           80%         2
 Slow                     Hex            0%           80%         2
 Conjure Flame            Conj/Fire      0%           95%         3
 Dazzling Flash           Conj/Hex       0%           95%         3
 Mephitic Cloud           Conj/Pois/Air  0%           95%         3
 Tukima's Dance           Hex            0%           95%         3


Dungeon Overview and Level Annotations

Branches:
Dungeon (9/15)             Temple (1/1) D:5
   Lair: D:8-11         Orc: D:9-12

Altars:
Ashenzari
Cheibriados
Dithmenos
Elyvilon
Fedhas
Gozag
Hepliaklqana
Kikubaaqudgha
Makhleb
Nemelex Xobeh
Okawaru
Qazlal
Ru
Sif Muna
Trog
Uskayaw
Vehumet
Wu Jian
Xom
Yredelemnul
Zin
The Shining One


Innate Abilities, Weirdness & Mutations

You thrive by killing the living.
You are immune to poison.
You have sharp fingernails.
Your flesh is cold resistant. (rC+)
You are immune to negative energy. (rN+++)
You do not regenerate when monsters are visible.
You are immune to unholy pain and torment.
You can survive without breathing.


Message History

The acid dragon is heavily wounded.
The acid dragon struggles against the net.
You slash the acid dragon!
The acid dragon is almost dead.
The acid dragon struggles against the net.
You hit the acid dragon.
The acid dragon is almost dead.
The acid dragon struggles against the net.
You hit the acid dragon but do no damage.
The acid dragon is almost dead.
You hit the acid dragon but do no damage.
The acid dragon is almost dead.
The acid dragon struggles against the net.
You hit the acid dragon.
The acid dragon is almost dead.
The acid dragon spits acid at you. The splash of acid hits you.
* * * LOW HITPOINT WARNING * * *
You are splashed with acid!
You die...

# ##...#..# ≈#.
##.##..# # #
##.##..#
..######...#..##
#........#......
.....###...####≈
.....>.##.## ≈
....(..##.#
.......D@.#
#....###### #..
.


You could see an acid dragon (caught, catching breath).

Vanquished Creatures
  Harold (D:8)
  The ghost of Raspi the Covert, a novice TeBr of Okawaru (D:8)
  A hornet (D:9)
  A wraith (D:8)
  2 orc warriors
  3 ice beasts
  3 sky beasts
  2 ogres
  4 black bears
  The ghost of Gypyx the Ruffian, an amateur DrTm (D:3)
  3 centaurs (D:8)
  6 bullfrogs
  A water moccasin zombie (D:7)
  A scorpion (D:7)
  2 howler monkeys (D:7)
  9 wights
  A bullfrog zombie (D:5)
  2 bullfrog skeletons
  A centaur zombie (D:3)
  A centaur skeleton (D:7)
  5 hounds
  A jelly (D:7)
  5 orc priests
  5 orc wizards
  2 iguanas
  Jessica (D:2)
  6 worker ants
  Terence (D:2)
  2 centaur simulacra (D:8)
  A worker ant zombie (D:5)
  8 adders
  2 shadow imps (D:5)
  3 white imps
  3 ufetubi
  An adder zombie (D:3)
  3 adder skeletons
  2 worms
  A dart slug (D:4)
  A leopard gecko (D:7)
  18 orcs
  6 bats
  4 giant cockroaches
  13 goblins
  6 hobgoblins
  3 jackals (D:5)
  8 kobolds
  2 quokkas
  2 ball pythons
  A frilled lizard (D:4)
  A jackal skeleton (D:7)
  A leopard gecko zombie (D:3)
  A quokka zombie (D:5)
  12 rats
177 creatures vanquished.

Vanquished Creatures (others)
  Psyche (D:8)
  A bullfrog (D:8)
  An adder (D:8)
  A white imp (D:8)
  A leopard gecko (D:8)
  A quokka (D:8)
6 creatures vanquished.

Grand Total: 183 creatures vanquished

Notes
Turn   | Place    | Note
-------+----------+-------------------------------------------
     0 | D:1      | Borgoz the Ghoul Gladiator began the quest for the Orb.
     0 | D:1      | Reached XP level 1. HP: 17/17 MP: 0/0
   100 | D:1      | Reached XP level 2. HP: 21/24 MP: 1/1
   259 | D:1      | Found an iron altar of Okawaru.
   279 | D:1      | Became a worshipper of Warmaster Okawaru
   370 | D:1      | Reached skill level 3 in Long Blades
   425 | D:1      | Reached skill level 1 in Armour
   670 | D:2      | Found an opulent altar of Gozag.
   703 | D:2      | Reached XP level 3. HP: 26/30 MP: 2/2
   879 | D:2      | Noticed Terence
   892 | D:2      | Killed Terence
  1139 | D:2      | Reached XP level 4. HP: 37/37 MP: 3/3
  1192 | D:2      | Reached skill level 1 in Invocations
  1524 | D:2      | Noticed Jessica
  1532 | D:2      | Found a broken altar of Ashenzari.
  1540 | D:2      | Killed Jessica
  1557 | D:2      | Reached XP level 5. HP: 44/44 MP: 4/4
  2020 | D:3      | Found a sacrificial altar of Ru.
  2094 | D:3      | Found a transporter.
  2105 | D:3      | Found a faded altar of an unknown god.
  2596 | D:3      | Found a transporter.
  2596 | D:3      | Noticed Gypyx's ghost (amateur DrTm)
  2732 | D:3      | Killed Gypyx's ghost
  2733 | D:3      | Reached XP level 6. HP: 21/51 MP: 4/6
  2739 | D:3      | Reached * piety under Okawaru
  2740 | D:3      | Reached skill level 4 in Long Blades
  3596 | D:4      | Found a stormy altar of Qazlal.
  3607 | D:4      | Reached XP level 7. HP: 55/57 MP: 7/7
  3807 | D:5      | Entered Level 5 of the Dungeon
  4580 | D:5      | Reached skill level 5 in Long Blades
  4608 | D:5      | Reached XP level 8. HP: 28/66 MP: 9/9
  4963 | D:5      | Found a staircase to the Ecumenical Temple.
  4982 | D:5      | Found a shadowy altar of Dithmenos.
  4995 | Temple   | Entered the Ecumenical Temple
  5325 | D:5      | Found a basalt altar of Yredelemnul.
  5753 | D:6      | Reached ** piety under Okawaru
  6072 | D:6      | Learned a level 2 spell: Blink
  6127 | D:6      | Found a white marble altar of Elyvilon.
  6275 | D:6      | Reached skill level 5 in Armour
  6277 | D:6      | Found a hide-covered altar of Uskayaw.
  6467 | D:6      | Learned a level 3 spell: Confusing Touch
  6544 | D:7      | Reached skill level 6 in Long Blades
  6564 | D:7      | Reached skill level 5 in Fighting
  6564 | D:7      | Reached XP level 9. HP: 35/74 MP: 9/11
  7004 | D:7      | Reached *** piety under Okawaru
  7389 | D:7      | Reached skill level 5 in Dodging
  7418 | D:7      | Got a masterwork leather armour
  7429 | D:7      | Identified the +1 leather armour "Jemebawk" {MP+9} (You
                  | found it on level 7 of the Dungeon)
  8033 | D:8      | Found an iron altar of Okawaru.
  8132 | D:8      | Reached skill level 5 in Invocations
  8188 | D:8      | Found a shimmering altar of Xom.
  8191 | D:8      | Reached skill level 7 in Long Blades
  8385 | D:8      | Found a runed translucent gate.
  8385 | D:8      | Found a runed translucent gate.
  8385 | D:8      | Found a runed translucent gate.
  8440 | D:8      | Noticed Harold
  8474 | D:8      | Killed Harold
  8474 | D:8      | Reached **** piety under Okawaru
  8475 | D:8      | Reached XP level 10. HP: 10/84 MP: 12/12
  8962 | D:8      | Found a glowing golden altar of the Shining One.
  8962 | D:8      | Found a snail-covered altar of Cheibriados.
  9002 | D:8      | Noticed Raspi's ghost (novice TeBr)
  9021 | D:8      | Noticed Psyche
  9039 | D:8      | Killed Psyche
  9506 | D:8      | Killed Raspi's ghost
  9507 | D:8      | Reached skill level 8 in Long Blades
 10230 | D:9      | Splashed by an acid dragon's acid

Illustrated notes

Levels and vault maps discovered:
D:1:      heliophobic_arrival_battle_scene, layout_rooms, nrook_mini_vaults,
          okawaru_ov_weapons_minmay
D:2:      layout_basic, nicolae_ashenzari_panopticon,
          nicolae_gozag_cash_rules_everything_around_me,
          minmay_misc_feat_ornament, minmay_pentomino_v4, uniq_terence,
          uniq_jessica
D:3:      layout_basic, old_standard_altar, gammafunk_ghost_mausoleum,
          chequers_ecumenical_altar_simple_redux, chequers_serial_rivers_room_a,
          chequers_decorated_corner
D:4:      layout_cave_pools, nicolae_qazlal_eye_of_the_storm, serial_park,
          serial_park_fountain, serial_park_tiny_2, serial_park_tiny_1,
          eino_curves_02, hangedman_minor_gate_pass
D:5:      layout_cave_pools, kennysheep_mini, old_standard_altar,
          minmay_temple_entry_antechambers, serial_column_ruins,
          column_ruins_hut_pillars, column_ruins_hut, column_ruins_grid_2,
          column_ruins_open_large, column_ruins_open_small,
          column_ruins_open_tiny, column_ruins_columns_straight
D:6:      layout_basic, kennysheep_little_box, basic_altar
D:7:      layout_cave_pools, fountainhead, hangedman_decor_push
D:8:      layout_loops_cross, old_standard_altar, xom_confusion_cloud,
          gammafunk_temple_overflow_wave, gammafunk_ghost_icy, uniq_psyche,
          uniq_harold
D:9:      layout_loops_ring, serial_rivers, chequers_serial_rivers_marsh,
          chequers_serial_rivers_micro_e, chequers_serial_rivers_room_b,
          chequers_serial_rivers_small_3, chequers_serial_rivers_room_b,
          chequers_serial_rivers_small_a, chei_slow_surprise
Temple:   minmay_temple_curvy_loop

Skill      XL: |  1  2  3  4  5  6  7  8  9 10 |
---------------+-------------------------------+-----
Long Blades    | 3 4 5 6 7 8 |  8.3
Armour         | 1 2 3 4 5 7 |  7.8
Dodging        | 3 4 5 6 |  6.1
Invocations    | 1 2 3 4 5 |  5.0
Fighting       | 3 4 5 6 |  6.9
Throwing       | |  1.7

Action                   |  1- 3 |  4- 6 |  7- 9 | 10-12 || total
-------------------------+-------+-------+-------+-------++-------
Melee: Long sword        |    94 |   167 |   164 |       ||   425
       Scimitar          |       |       |   229 |   138 ||   367
       Punch             |       |       |     2 |     2 ||     4
Throw: Throwing net      |     1 |     4 |       |     1 ||     6
 Cast: Blink             |       |       |       |     1 ||     1
Invok: Heroism           |       |     1 |     7 |     5 ||    13
  Use: Scroll            |       |     6 |     8 |       ||    14
       Potion            |       |     2 |     2 |     2 ||     6
 Stab: Held in net/web   |       |     1 |       |     2 ||     3
       Confused          |       |       |     2 |       ||     2
Armor: Leather armour    |    25 |       |       |       ||    25
       Ring mail         |     5 |    64 |   271 |    38 ||   378
Dodge: Dodged            |    74 |    62 |   366 |   117 ||   619
Block: Kite shield       |    37 |    69 |   122 |       ||   228
       Rpst.: Long sword |    29 |    14 |    35 |       ||    78
       Scimitar          |       |       |    60 |    41 ||   101
